← All builds
Tech / Armada / Economy first / OBSERVED BUILD

Sharpshooter snipers

Armada Tech (Eco) build order · Supreme Isthmus

Standard T2 rush into an early Sharpshooter-led sniper bot push around 8:10-8:38, pairing T2 constructor support for Geo with sniper bots fighting at the middle rather than just economy scaling.

Usually first T2 con to Geo (81%)

#t2 #raid · 99 distinct matches · 51 players · 3% of Armada Tech games · team won 27% of 100 · Recently observed

THE CATCH, AND WHAT COMES WITH IT
  • SharpshooterT2 bot snipers from 8:11 · 6% of role by thenFrom the Advanced Bot Lab. Only 6% of Tech games have it by then; others who build it get it around 9:07

Where those units first fight, in 98 games with kill data: in the middle 55%, on their own side 45%.

Those units destroy a typical 1,393 metal of enemy units by 15:00.

Then transitions into anti-nuke (13% of army).

HOW TO PLAY IT

Key timing: Sharpshooter out by 9:04

  1. Open standard T2 rush with Bot Lab first.
  2. Finish Advanced Bot Lab on the normal T2 timing.
  3. Upgrade mex as usual while eco scales.
  4. Push Sharpshooter snipers from Advanced Bot Lab to fight forward in middle.
  5. Keep producing T2 cons and anti-nuke for the team.

Phase by phase

TYPICAL OF ITS 99 GAMES · AGAINST STANDARD TECH
  1. 1
  2. 2
  3. 3
  4. 4
  5. 5
PLAY THE OPENING

Follow the example game's first 9:11 step by step: what to build now, what comes next, and where it goes. At 1× it keeps pace with your own game.

  1. 1

    Up to the Bot Lab

    Economy
    • Metal Extractor3Mex
    • Wind Turbine4Wind
    Order
    1. Bot LabBot Lab after 3 mex, 4 winddone ~1:17, middle half 1:13–1:38

    Some games also: energy storage (37%)

    By 1:00 in all: 3 mex · 4 wind

    The example game in this phase · 5 steps
    1. Mex ×3
    2. Wind ×5
    3. Energy storage
    4. Wind
    5. Bot LabBot Labdone 1:46 · typical 1:17
  2. 2

    Bot Lab to Advanced Bot Lab

    Economy
    • Metal Extractor1Mex
    • Wind Turbine9Wind
    • Energy Storage1Energy storage
    Order
    1. Advanced Bot LabAdvanced Bot Lab after 4 mex, 13 wind, 3 con turretdone ~4:18, middle half 4:08–4:33
    Builders
    • Construction Turret3 Con turret
    • Lazarus3 Lazarus
    • Construction Bot2 Con bot
    • Construction Bot1 Con bot for allies

    Some games also: converter (43%)

    By 3:22 in all: 4 mex · 13 wind · 1 energy storage · 3 con turret

    The example game in this phase · 10 steps
    1. LazarusLazarus ×4
    2. Construction BotCon bot ×2
    3. Construction BotCon botfor Air
    4. Con turret
    5. Mex
    6. Con turret
    7. Wind ×3
    8. Con turret
    9. Wind ×2
    10. Advanced Bot LabAdvanced Bot Labdone 4:11 · typical 4:18
  3. 3

    Advanced Bot Lab to 5:00

    Economy
    • Wind Turbine1Wind−2 vs standard
    Order
    1. Bot LabEat Bot Lab
    Builders
    • Advanced Construction Bot1 T2 con bot for allies

    Some games also: converter (43%)

    By 5:00 in all: 4 mex · 15 wind · 2 converter · 1 energy storage · 3 con turret

    The example game in this phase · 10 steps
    1. Wind
    2. Bot LabEat Bot Labreclaimed for its metal
    3. Wind ×2
    4. Advanced Construction BotT2 con botfor Geo
    5. Wind
    6. Advanced Construction BotT2 con botfor Air
    7. Wind
    8. Advanced Metal ExtractorT2 mexdone 5:29 · typical 5:17
    9. Wind
    10. Converter ×2
  4. 4

    5:00 to T2 bot snipers

    Economy
    • Wind Turbine16Wind+5 vs standard
    • Energy Converter1Converter
    Order
    1. SharpshooterT2 bot snipers after 4 mex, 32 wind, 5 converterdone ~8:39, middle half 7:41–9:48
    Builders
    • Butler4 Butler
    • Advanced Construction Bot3 T2 con bot for allies

    Some games also: T2 con bot (36%)

    By 8:10 in all: 4 mex · 32 wind · 5 converter (standard 3) · 1 energy storage · 3 con turret

    The example game in this phase · 13 steps
    1. Converter ×3
    2. Advanced Construction BotT2 con botfor Pond
    3. Advanced Metal ExtractorT2 mex ×2
    4. Advanced Construction BotT2 con botfor Geo sea
    5. Wind ×3
    6. ButlerButler
    7. Wind
    8. Advanced Metal ExtractorT2 mex
    9. Advanced Construction BotT2 con bot
    10. Wind ×2
    11. SharpshooterSniper botfor Ponddone 8:10 · typical 8:39
    12. Wind ×2
    13. SharpshooterSniper botdone 9:20
  5. 5

    T2 bot snipers to 10:00

    Economy
    • Wind Turbine19Wind−11 vs standard
    Army
    • Sharpshooter1 Sniper bot

    Some games also: converter (48%) · Butler (45%) · T2 con bot for allies (42%)

    The standard build makes here, this one skips: 4 converter · 5 Butler

    By 10:00 in all: 4 mex · 54 wind · 8 converter · 1 energy storage · 3 con turret

    The example game in this phase · 99 steps
    1. Wind ×6
    2. Solar
    3. Wind ×2
    4. ButlerButler
    5. Advanced Construction BotT2 con botfor Beach sea
    6. Wind ×2
    7. ButlerButler
    8. Wind ×2
    9. ButlerButler
    10. Wind ×3
    11. ButlerButler
    12. Wind
    13. Vehicle PlantVehicle Plantdone 10:21
    14. ButlerButler
    15. Wind ×2
    16. BlitzBlitz
    17. Wind
    18. BlitzBlitz
    19. ButlerButler
    20. Wind
    21. BlitzBlitz
    22. ButlerButler
    23. BlitzBlitz
    24. Wind
    25. ButlerButler
    26. Wind
    27. BlitzBlitz
    28. Wind
    29. BlitzBlitz
    30. Advanced Construction BotT2 con bot
    31. ButlerButler
    32. BlitzBlitz
    33. Wind
    34. ButlerButler
    35. Wind
    36. BlitzBlitz
    37. Wind ×2
    38. BlitzBlitz
    39. Wind
    40. BlitzBlitz
    41. Wind ×3
    42. BlitzBlitz
    43. Wind
    44. BlitzBlitz
    45. ButlerButler
    46. Wind ×2
    47. BlitzBlitz
    48. Wind
    49. ButlerButler
    50. BlitzBlitz
    51. Wind ×4
    52. BlitzBlitz
    53. Wind ×2
    54. Converter
    55. Wind
    56. BlitzBlitz
    57. Wind ×3
    58. BlitzBlitz
    59. Wind
    60. Converter
    61. BlitzBlitz
    62. Wind ×2
    63. SharpshooterSniper bot
    64. Wind
    65. BlitzBlitz
    66. Wind ×3
    67. Converter
    68. Wind ×4
    69. BlitzBlitz
    70. Wind ×4
    71. Converter
    72. Wind ×3
    73. BlitzBlitz
    74. Wind ×8
    75. BlitzBlitz
    76. Wind
    77. BlitzBlitz
    78. Wind ×3
    79. Converter
    80. BlitzBlitz
    81. Wind
    82. BlitzBlitz
    83. Wind ×4
    84. BlitzBlitz
    85. Wind
    86. UmbrellaAnti-nukenot finished by 15:00
    87. Wind ×4
    88. Converter
    89. Wind ×2
    90. BlitzBlitz
    91. Wind ×4
    92. Converter
    93. Wind ×5
    94. BlitzBlitz
    95. Wind ×2
    96. Converter
    97. Wind ×6
    98. Converter
    99. BlitzBlitz

Counts are medians over the build's games: half of them build more, half fewer. The example game is rainefullstop's (32 OS, 01/10/2026); pick another.

Team trades

IN AT LEAST 30% OF ITS GAMES

You hand over

  • Construction Bot1 Con bot to Airfirst at 2:24 · in 89% of games
  • Advanced Construction Bot5 T2 con bot to Geo sea or Air or Pondfirst at 4:59 · in 100% of games
  • Butler2 Butler to Geo sea or Beach seafirst at 10:30 · in 36% of games

You get

  • Hercules2 Light transport from Airfirst at 4:04 · in 88% of games

How it plays out

Typical game of this build against the role’s standard build, running totals by minute

  • This build
  • Standard tech

Metal produced

020k40k
0:005:0010:0015:00

metal

Enemy metal destroyed

01k2k3k
0:005:0010:0015:00

metal

Own metal lost

05001k
0:005:0010:0015:00

metal

100 games.

Show as table
ByMetal produced: This buildMetal produced: Standard techEnemy metal destroyed: This buildEnemy metal destroyed: Standard techOwn metal lost: This buildOwn metal lost: Standard tech
1:003833830000
2:009139150000
3:00160416510000
4:00309831430000
5:00487048480000
6:00595658000000
7:00752072270000
8:00930690610000
9:0011455111690000
10:001380213502179000
11:0016263162396490690
12:001900819652101401300
13:002228123441151203280
14:0026270273571782068074
15:003009231538248185910130
WHAT THE NUMBERS SAY

Won far less often than the standard build, losing a lot more metal for only a modest gain in enemy metal destroyed.

  • + Enemy metal destroyed by 15:00 well above standard (2598 vs 262).
  • − Team win rate collapses to 21% vs standard's 53%.
  • − Own metal lost by 15:00 far exceeds standard (1360 vs 196).
THE EXAMPLE YOU ARE READING

rainefullstop

32.4 OS · 01/10/2026

Open source match ↗

2 received units
2078 metal received · 50757 energy received

Allied construction assistance is unknown. Timings are observations, not a promise of solo reproducibility.

Typical milestones

Bot Lab1:17Middle 50%: 1:13–1:38 · n=100
Advanced Bot Lab4:18Middle 50%: 4:08–4:33 · n=100
Advanced Metal Extractor5:17Middle 50%: 4:57–5:41 · n=100
Sharpshooter8:39Middle 50%: 7:41–9:48 · n=100

Played most by

Amrissa15games of this buildDRM6games of this buildTheGeneraI5games of this buildenderOS14games of this buildKontraption4games of this build